AoeStats
← BobbyBenz

Fortress

509924169Analyzed
2v2 RM · 3d ago on Sep 28, 2026· 50m 9s· 4 players
Game mode
Random Map
Map size
Normal (6 player)
Population
200
Speed
Normal
Resources
Standard
Victory
Conquest
Starting age
Dark Age
Ending age
Imperial Age
RankedLock teamsTeams togetherTeam positionsShared explorationLock speedFull tech treeHidden civsTurbo modeCheats
Victory
Defeat
🇺🇸 Romans · United States
1241
+16
🇫🇷 Persians · France
1221
+17
🇩🇪 Byzantines · Germany
1295
-18
🇦🇹 Britons · Austria
1194
-15
SAMOAN SHOTGUN
7:45 Feudal Age
11:19 Double-Bit Axe
13:41 Castle Age
14:56 Bow Saw
24:07 Fortified Wall
28:27 Ballistas
28:45 Ballistics
35:54 Imperial Age
35:59 Pikeman
36:42 Squires
38:59 Heavy Scorpion
40:09 Loom
41:01 Wheelbarrow
40:12 Town Watch
41:21 Conscription
42:06 Chemistry
41:22 Gold Mining
41:24 Stone Mining
41:39 Town Patrol
42:12 Siege Engineers
42:04 Capped Ram
45:12 Siege Ram
50:24 Caravan
Superbe Basile
7:22 Feudal Age
11:38 Castle Age
9:35 Double-Bit Axe
9:33 Horse Collar
14:41 Loom
17:59 Wheelbarrow
18:00 Gold Mining
18:15 Heavy Plow
19:41 Bow Saw
20:12 Stone Mining
22:48 Gold Shaft Mining
22:49 Stone Shaft Mining
25:45 Imperial Age
24:21 Hand Cart
24:56 Town Watch
25:21 Husbandry
25:31 Bloodlines
25:43 Scale Barding Armor
25:53 Forging
26:25 Conscription
25:33 Cavalier
26:46 Chain Barding Armor
27:48 Crop Rotation
27:19 Savar
29:38 Plate Barding Armor
30:16 Town Patrol
31:31 Iron Casting
31:40 Fletching
31:51 Padded Archer Armor
32:53 Hoardings
32:45 Ballistics
36:32 Chemistry
35:44 Masonry
36:03 Thumb Ring
36:23 Parthian Tactics
39:51 Blast Furnace
39:55 Elite War Elephant
40:28 Light Cavalry
42:23 Crossbowman
43:08 Kamandaran
42:33 Hussar
45:41 Bodkin Arrow
46:01 Leather Archer Armor
46:58 Two-Man Saw
Aquisgranensis_MCM
7:55 Feudal Age
12:14 Castle Age
10:17 Double-Bit Axe
13:25 Horse Collar
15:15 Heavy Plow
20:39 Gold Mining
22:46 Wheelbarrow
24:52 Imperial Age
23:03 Bow Saw
24:24 Wheelbarrow
24:10 Pikeman
25:02 Halberdier
25:48 Scale Mail Armor
25:49 Heavy Camel Rider
26:40 Scale Barding Armor
28:16 Chain Barding Armor
28:27 Light Cavalry
31:47 Plate Barding Armor
31:47 Hussar
33:34 Squires
33:20 Arson
33:53 Chain Mail Armor
33:49 Forging
34:23 Hand Cart
36:52 Iron Casting
38:14 Chemistry
45:46 Plate Mail Armor
BobbyBenz
4:36 Loom
6:26 Feudal Age
4:42 Loom
6:54 Double-Bit Axe
9:27 Horse Collar
10:09 Loom
13:33 Castle Age
12:44 Gold Mining
12:47 Stone Mining
15:37 Bow Saw
16:36 Fletching
17:25 Heavy Plow
18:14 Gold Shaft Mining
29:16 Imperial Age
27:38 Bodkin Arrow
30:35 Bracer
31:26 Yeomen
32:12 Chemistry
35:40 Two-Man Saw
37:02 Ballistics
36:53 Fortified Wall
40:41 Wheelbarrow
43:27 Conscription
43:21 Padded Archer Armor
44:12 Elite Longbowman
45:58 Leather Archer Armor
48:24 Ring Archer Armor
48:17 Hand Cart
Connection lost

Rejoining the realm…

Still unreachable

The connection could not be restored.

Session expired

The server has moved on; the page needs a fresh start.